 Dungeon Crawl Stone Soup version 0.20.1-1-g8b1a95d (webtiles) character file.

1109 equalderp2856 the Cleaver (level 8, -7/69 (70) HPs)
             Began as a Minotaur Fighter on Oct 1, 2017.
             Splashed by an acid dragon's acid (13 damage)
             ... on level 8 of the Dungeon.
             The game lasted 00:04:00 (3171 turns).

equalderp2856 the Cleaver (Minotaur Fighter)        Turns: 3171, Time: 00:04:02

HP:   -7/69 (70)    AC:  2    Str: 21    XL:     8   Next: 11%
MP:   7/7           EV:  5    Int:  5    God:
Gold: 250           SH: 15    Dex: 12    Spells: 7/7 levels left

rFire    . . .     SeeInvis .   a - +0 war axe
rCold    . . .     Gourm    .   c - +0 shield
rNeg     . . .     Faith    .   z - +0 plate armour
rPois    .         Spirit   .   (helmet restricted)
rElec    .         Reflect  +   g - +1 cloak
rCorr    .         Harm     .   (no gloves)
MR       .....                  (no boots)
Stlth    ..........             e - +5 amulet of reflection
Regen    0.3/turn               (no ring)
MPRegen  0.1/turn               (no ring)

@: corroded
A: retaliatory headbutt, horns 2
a: no special abilities


You were on level 8 of the Dungeon.
You were near starving.

You visited 1 branch of the dungeon, and saw 6 of its levels.

You collected 250 gold pieces.

Inventory:

Hand Weapons
 a - a +0 war axe (weapon)
Armour
 b - a +0 scale mail
 c - a +0 shield (worn)
 g - a +1 cloak (worn)
 z - a +0 plate armour (worn)
Jewellery
 e - a +5 amulet of reflection (around neck)
 l - a +2 ring of dexterity {unknown}
 m - a +6 ring of dexterity {unknown}
Wands
 y - a wand of paralysis (13/24)
Scrolls
 i - 7 scrolls of identify {unknown}
 j - 3 scrolls of remove curse {unknown}
 k - 4 scrolls of amnesia {unknown}
 q - a scroll of fear {unknown}
 r - a scroll of noise {unknown}
 t - a scroll of blinking {unknown}
 u - a scroll of enchant weapon {unknown}
 v - a scroll of vulnerability {unknown}
Potions
 d - 3 potions of might
 h - a potion of mutation {unknown}
 n - a potion of haste {unknown}
 o - a potion of curing {unknown}
 s - a potion of heal wounds {unknown}
 w - a potion of degeneration {unknown}
Books
 p - a book of Conjurations

   Spells                             Type                      Level
   a - Magic Dart                     Conjuration                  1
   b - Searing Ray                    Conjuration                  2
   c - Dazzling Spray                 Conjuration/Hexes            3
   d - Fulminant Prism                Conjuration/Hexes            4
   e - Force Lance                    Conjuration/Translocation    4
   f - Iskenderun's Mystic Blast      Conjuration                  4
Comestibles
 f - 2 bread rations
 x - 2 fruits


   Skills:
 + Level 5.9 Fighting
 + Level 8.2 Axes
 + Level 5.3 Armour
 + Level 2.2 Dodging
 + Level 0.6 Stealth
 + Level 5.9 Shields


You had 7 spell levels left.
You didn't know any spells.

Dungeon Overview and Level Annotations

Branches:
Dungeon (8/15)
 Temple: D:4-7         Lair: D:8-11

Altars:
Ru

Shops:
D:4 :


Innate Abilities, Weirdness & Mutations

You reflexively headbutt those who attack you in melee.
You have a pair of horns on your head.


Message History

The acid dragon is almost dead.
You block the acid dragon's attack. x2
Unknown command.
You closely miss the acid dragon.
The acid dragon is almost dead.
The acid dragon bites you but does no damage.
You block the acid dragon's attack.
Unknown command.
You hit the acid dragon but do no damage.
The acid dragon is almost dead.
You block the acid dragon's attack. x2
Unknown command.
Your plate armour prevents you from hitting the acid dragon.
You headbutt the acid dragon, but do no damage.
The acid dragon is almost dead.
The acid dragon spits acid at you. The splash of acid hits you!
* * * LOW HITPOINT WARNING * * *
The acid corrodes you!
You are splashed with acid!
The acid burns!
You die...

# #.##.
.....###############
#................#
#.#.........####.#
#.#######.# #.# #.
#)))<#.####.#
##.###.##))).(......#
.......D@......####.#
.#.####.######## ###
#........o #####.$$.o
.$. #


You could see an acid dragon.

Vanquished Creatures
  Duvessa (D:7)
  An orc warrior (D:7)
  A sky beast (D:7)
  A necrophage (D:7)
  2 bullfrogs (D:7)
  Dowan (D:7)
  A wyvern skeleton (D:7)
  A scorpion (D:4)
  2 crimson imps
  2 orc priests
  A hound (D:7)
  2 orc wizards
  3 gnolls (D:3)
  8 adders
  A shadow imp (D:3)
  2 oozes
  An adder zombie (D:7)
  2 worms
  2 dart slugs
  A leopard gecko (D:3)
  20 orcs
  2 giant cockroaches
  4 goblins
  8 hobgoblins
  10 jackals
  3 quokkas
  10 bats
  3 frilled lizards
  5 kobolds
  7 rats
108 creatures vanquished.

Notes
Turn   | Place    | Note
-------+----------+-------------------------------------------
     0 | D:1      | equalderp2856 the Minotaur Fighter began the quest for the Orb.
     0 | D:1      | Reached XP level 1. HP: 19/19 MP: 0/0
    66 | D:1      | Reached XP level 2. HP: 27/27 MP: 1/1
   584 | D:2      | Reached XP level 3. HP: 28/33 MP: 2/2
   616 | D:2      | Reached skill level 3 in Axes
   622 | D:2      | Found a sacrificial altar of Ru.
   629 | D:2      | Reached XP level 4. HP: 39/41 MP: 3/3
   814 | D:2      | Reached skill level 4 in Axes
  1168 | D:3      | Reached skill level 1 in Dodging
  1168 | D:3      | Reached XP level 5. HP: 33/47 MP: 4/4
  1543 | D:3      | Reached skill level 5 in Fighting
  1661 | D:3      | Found a faded altar of an unknown god.
  1846 | D:4      | Found Wugis's Book Shop.
  1986 | D:4      | Reached skill level 5 in Axes
  1987 | D:4      | Reached XP level 6. HP: 50/56 MP: 5/5
  2338 | D:4      | You fall through a shaft for 3 floors!
  2373 | D:7      | Noticed a sky beast
  2385 | D:7      | Killed a sky beast
  2385 | D:7      | Reached skill level 5 in Shields
  2404 | D:7      | Noticed Duvessa
  2410 | D:7      | Killed Duvessa
  2410 | D:7      | Reached skill level 6 in Axes
  2410 | D:7      | Reached XP level 7. HP: 53/61 MP: 6/6
  2411 | D:7      | Noticed Dowan
  2417 | D:7      | Killed Dowan
  2530 | D:7      | Reached skill level 7 in Axes
  2599 | D:7      | Reached skill level 5 in Armour
  3103 | D:7      | Reached skill level 8 in Axes
  3103 | D:7      | Reached XP level 8. HP: 62/69 MP: 7/7
  3171 | D:8      | Splashed by an acid dragon's acid

Skill      XL: |  1  2  3  4  5  6  7 |
---------------+----------------------+-----
Fighting       | 4 5 |  5.9
Shields        | 4 5 |  5.9
Axes           | 3 4 5 6 8 |  8.2
Armour         | 4 5 |  5.3
Dodging        | 1 2 |  2.2
Stealth        | |  0.6

Action                   |  1- 3 |  4- 6 |  7- 9 || total
-------------------------+-------+-------+-------++-------
Melee: War axe           |    64 |   115 |   102 ||   281
       Headbutt          |     9 |    19 |    19 ||    47
 Stab: Paralysed         |       |     1 |       ||     1
  Eat: Chunk             |       |     5 |       ||     5
       Fruit             |       |       |     1 ||     1
Armor: Scale mail        |    28 |    39 |    15 ||    82
       Plate armour      |       |       |    18 ||    18
Dodge: Dodged            |     8 |    23 |    18 ||    49
Block: Shield            |    55 |   101 |    89 ||   245
       Reflection        |       |     1 |     1 ||     2
